 Dungeon Crawl Stone Soup version 0.26.1-11-gd32895ea62 (webtiles) character file.

Game seed: 4435546498106034288

23039 infcreate the Covert (level 12, 73/73 HPs)
             Began as a Vampire Enchanter on July 29, 2021.
             Was a High Priest of Dithmenos.
             Quit the game in a Gauntlet.
             The game lasted 01:08:57 (17363 turns).

infcreate the Covert (Vampire Enchanter)           Turns: 17363, Time: 01:08:58

Health: 73/73      AC: 11    Str:  7    XL:     12   Next: 68%
Magic:  33/33      EV: 22    Int: 19    God:    Dithmenos [*****.]
Gold:   674        SH:  0    Dex: 25    Spells: 11/27 levels left

rFire    . . .     SeeInvis +   r - +7 dagger (venom)
rCold    + + .     Faith    .   (no shield)
rNeg     + + +     Spirit   .   b - +1 robe
rPois    ∞         Reflect  .   x - +2 hat {Will+}
rElec    .         Harm     .   D - +0 cloak
rCorr    +         Rampage  .   (no gloves)
Will     +....     NoTele   +   C - +4 pair of boots of Tomorrow {-Tele rN+ MP+9 Dex+7} Stlth *****+++++
                                A - amulet of the acrobat
HPRegen  0.22/turn              R - ring of resist corrosion
MPRegen  0.23/turn              m - ring of Rationality {Will- Slay+5 Stlth+}

@: bloodless, wreathed by umbra
A: fangs 3, see invisible, unbreathing
a: Bat Form, Revivify, Renounce Religion, Shadow Step, Shadow Form


You were in a Gauntlet.
You worshipped Dithmenos.
Dithmenos was extremely pleased with you.
You visited 3 branches of the dungeon, and saw 15 of its levels.
You also visited: Bailey and Gauntlet.

You collected 926 gold pieces.
You spent 252 gold pieces at shops.


Innate Abilities, Weirdness & Mutations

You do not regenerate when monsters are visible.
You are frail without blood (-20% HP).
You can heal yourself when you bite living creatures.
You are immune to poison.
You have razor-sharp teeth.
You have supernaturally acute eyesight. (SInv)
You can survive without breathing.


   Skills:
 + Level 8.0 Fighting
 + Level 9.8 Short Blades
 + Level 9.9 Dodging
 + Level 13.8 Stealth
 + Level 8.4 Spellcasting
 + Level 12.9 Hexes


You had 11 spell levels left.
You knew the following spells:

 Your Spells              Type           Power        Failure   Level
c - Corona                Hex            61%          1%          1
d - Tukima's Dance        Hex            55%          1%          3
e - Ensorcelled Hibernat  Hex/Ice        64%          1%          2
f - Dazzling Flash        Conj/Hex       64%          1%          3
p - Fulminant Prism       Conj/Hex       16%          6%          4
t - Confusing Touch       Hex            55%          1%          3

Your spell library contained the following spells:

 Spells                   Type           Power        Failure   Level
 Beastly Appendage        Tmut           16%          9%          1
 Magic Dart               Conj           32%          9%          1
 Searing Ray              Conj           16%          13%         2
 Wereblood                Tmut           8%           13%         2
 Spider Form              Tmut/Pois      4%           26%         3
 Ice Form                 Ice/Tmut       8%           65%         4
 Iskenderun's Mystic Bla  Conj/Tloc      8%           65%         4
 Blade Hands              Tmut           4%           94%         5
 Bolt of Magma            Conj/Fire/Erth 4%           94%         5
 Iskenderun's Battlesphe  Conj           8%           94%         5
 Iron Shot                Conj/Erth      4%           100%        6
 Orb of Destruction       Conj           4%           100%        7
 Spellforged Servitor     Conj/Summ      4%           100%        7

Inventory:

Hand Weapons
 r - a +7 dagger of venom (weapon)
Armour
 b - a +1 robe (worn)
 q - a +2 pair of boots
 x - a +2 hat of willpower (worn)
 C - the +4 pair of boots of Tomorrow (worn) {-Tele rN+ MP+9 Dex+7}
   (You found it in a Gauntlet)

   It affects your dexterity (+7).
   It protects you from negative energy.
   It affects your magic capacity (+9).
   It prevents most forms of teleportation.
 D - a +0 cloak (worn)
Jewellery
 f - an uncursed ring of fire
 m - the ring of Rationality (right hand) {Will- Slay+5 Stlth+}
   (You acquired it in a bailey)

   [ring of stealth]

   It affects your accuracy and damage with ranged weapons and melee attacks
   (+5).
   It affects your willpower, your defense against some magical effects.
   It makes you more stealthy.
 A - an amulet of the acrobat (around neck)
 R - a ring of resist corrosion (left hand)
 S - a +6 ring of strength
 W - an uncursed ring of magical power
Wands
 a - a wand of flame (43)
 s - a wand of acid (3)
 y - a wand of digging (16)
Scrolls
 c - 6 scrolls of remove curse {@r2}
 d - 3 scrolls of amnesia
 i - 3 scrolls of identify {@r1}
 k - 3 scrolls of teleportation {@r4}
 n - 5 scrolls of blinking
 p - 2 scrolls of fog
 E - a scroll of immolation
Potions
 e - 3 potions of heal wounds {@q2}
 g - 4 potions of might
 h - 13 potions of curing {@q1}
 j - a potion of cancellation {unknown}
 o - 2 potions of brilliance
 t - 3 potions of attraction
 u - 3 potions of flight
 v - 3 potions of haste {@q3}
 w - a potion of mutation {unknown}
 z - 3 potions of invisibility
 B - 3 potions of magic
 G - a potion of ambrosia {unknown}

Dungeon Overview and Level Annotations

Branches:
Dungeon (12/15)            Temple (1/1) D:6            Lair (2/6) D:9
  Snake (0/4) Lair:2          Orc (0/2) D:11         Bailey (visited)
Gauntlet (1/1)
  Swamp: Lair:2-4    Shoals: Lair:2-4

Altars:
Ashenzari
Cheibriados
Dithmenos
Elyvilon
Fedhas
Gozag
Kikubaaqudgha
Makhleb
Nemelex Xobeh
Okawaru
Qazlal
Ru
Sif Muna
Trog
Uskayaw
Vehumet
Wu Jian
Xom
Yredelemnul
Zin
The Shining One

Shops:
D:8 :([!

Annotations:
D:5 2 transporters, unihiutale's ghost, novice HuWn
D:8 Gastronok
Lair:1 1 transporter Gauntlet 8 transporters, 2 runed translucent doors, exclusions: lightning spire and orange crystal statue

▓▓▓▓▒≈≈... ▓...▒▒≈...
▓▓▓▓▓▓▓.♣.▒▒▒...
▓....▓▓...▒▒..♣.
▓.▓▓.▓▓.♣.▒..P..
▓.▓▓......▒.♣P..
░░░.▓▓.▓▓.©.▒.P... ░≈
░.░....▓▓...▒.....
░≈≈.░@░.▓▓.▓▓.©.▒.....
░≈∩...'.▓▓......▒..∩..
░≈≈.░.░.▓▓.▓▓.©.▒.....
░≈≈≈░.░.(..▓▓...▒.....
░░░ ░░░.▓▓.▓▓.©.▒.P...
▓.▓▓......▒.♣...
▓.▓▓.▓▓.♣.▒.....
▓....▓▓...▒▒..♣.
▓▓▓▓▓▓▓.♣.▒▒▒...


There were no monsters in sight!


Message History

Your Fighting skill increases to level 8!
Unknown command.
S - a +6 ring of strength;
t - 3 metallic black potions (gained 1)
i - 11 scrolls of identify {@r1} (gained 1)
You now have 674 gold pieces (gained 11).
Things that are here:
a +5 quarterstaff; 14 silver javelins; a +0 plate armour You start resting.
Magic restored.
HP restored.
As you read the scroll of identify {@r1}, it crumbles to dust.
e - 3 potions of heal wounds
As you read the scroll of identify {@r1}, it crumbles to dust.
v - 3 potions of haste
As you read the scroll of identify {@r1}, it crumbles to dust.
u - 3 potions of flight
As you read the scroll of identify {@r1}, it crumbles to dust.
B - 3 potions of magic
As you read the scroll of identify {@r1}, it crumbles to dust.
t - 3 potions of attraction
As you read the scroll of identify {@r1}, it crumbles to dust.
F - 4 potions of degeneration
As you read the scroll of identify {@r1}, it crumbles to dust.
o - 2 potions of brilliance
As you read the scroll of identify {@r1}, it crumbles to dust.
l - 2 potions of lignification Drop what? 36/52 slots (_ for help) (? for menu, Esc to quit)
You drop 2 potions of lignification.
You drop 4 potions of degeneration.
Are you sure you want to abandon this character and quit the game? (Confirm with "yes".)

Skill      XL: |  1  2  3  4  5  6  7  8  9 10 11 12 |
---------------+-------------------------------------+-----
Stealth        | 5 6 7 8 10 11 12 13 | 13.8
Fighting       | 1 2 3 4 5 6 7 8 |  8.0
Hexes          | 5 6 7 8 9 10 12 | 12.9
Short Blades   | 2 3 4 5 6 7 9 |  9.8
Dodging        | 3 4 5 6 7 9 |  9.9
Spellcasting   | 3 4 5 6 7 8 |  8.4

Action                   |  1- 3 |  4- 6 |  7- 9 | 10-12 || total
-------------------------+-------+-------+-------+-------++-------
Melee: Dagger            |   107 |   124 |   250 |   526 ||  1007
       Bite              |    10 |    11 |     9 |    48 ||    78
 Cast: Corona            |    12 |     2 |    17 |    19 ||    50
       Ensorcelled Hiber |    22 |    37 |    67 |   101 ||   227
       Confusing Touch   |     8 |     5 |    25 |    54 ||    92
       Tukima's Dance    |       |       |       |     6 ||     6
Invok: Shadow Step       |       |       |       |     1 ||     1
 Abil: Exsanguinate      |       |       |     1 |       ||     1
  Use: Scroll            |       |     2 |    13 |    17 ||    32
 Stab: Sleeping          |    20 |    31 |    42 |   105 ||   198
       Confused          |     5 |     2 |    22 |    38 ||    67
Armor: Robe              |    11 |    14 |    43 |    46 ||   114
Dodge: Dodged            |    57 |    65 |   177 |   251 ||   550

Levels and vault maps discovered:
D:1:      elethiomel_arrival_infinity_welcomes_careful_drivers, layout_basic,
          lexackson_kobold_supper
D:2:      cheibrodos_pilgrimage, layout_loops_cross,
          amethyst_overflow_temple_binary, uniq_terence
D:3:      layout_rooms
D:4:      layout_basic, nicolae_qazlal_general_emergency
D:5:      layout_loops_ring, gammafunk_ghost_hive
D:6:      layout_basic, minmay_temple_entry_stoned_glass, minivault_5
D:7:      layout_gridville
D:8:      layout_layer_cave, nzn_hepliaklqana_mist_gate,
          minmay_overflow_temple_star_hex, serial_shops, nicolae_shop_crystal,
          shop, nicolae_shop_crystal, kennysheep_little_box, uniq_erica,
          uniq_gastronok
D:9:      layout_basic, erik_lair_orcish_takeover
D:10:     layout_small_grid, serial_ice, serial_ice_l, serial_ice_b,
          serial_ice_e, serial_ice_g, serial_ice_a, enter_bailey_2
D:11:     layout_roguey, david_orc_3, minivault_26
D:12:     layout_roguey, serial_shops, nicolae_shop_overgrown_old_shop,
          basic_altar, water_boxes_lemuel
Temple:   dshaligram_water_room_temple
Lair:1:   layout_layer_cave, gammafunk_ghost_berserking_beasts,
          cheibrodos_lair_reptile_den, grunt_megastairs_1, lemuel_fruit_tree,
          lemuel_fruit_fields
Lair:2:   layout_long_grid, minmay_snake_entry_guardpost_medium,
          gauntlet_entry_generic, beast_lair_carwin_9
Gauntlet: minmay_gauntlet_77_tree [minmay_gauntlet_arena_77_fan,
          minmay_gauntlet_arena_77_shame_cube, minmay_gauntlet_arena_77_braids,
          minmay_gauntlet_arena_77_two_lines, minmay_gauntlet_arena_77_box,
          minmay_gauntlet_arena_77_p_blocks, minmay_gauntlet_arena_77_path,
          gauntlet_exit_watery]

Notes
Turn   | Place    | Note
-------+----------+-------------------------------------------
     0 | D:1      | infcreate the Vampire Enchanter began the quest for the
                  | Orb.
     0 | D:1      | Reached XP level 1. HP: 13/13 MP: 3/3
   225 | D:1      | Reached XP level 2. HP: 20/20 MP: 5/5
   228 | D:1      | Learned a level 2 spell: Ensorcelled Hibernation
   838 | D:1      | Reached XP level 3. HP: 25/25 MP: 3/6
  1001 | D:1      | Learned a level 3 spell: Confusing Touch
  1237 | D:1      | Reached skill level 5 in Stealth
  1679 | D:2      | Reached skill level 1 in Fighting
  1894 | D:2      | Reached skill level 5 in Hexes
  1959 | D:2      | Reached XP level 4. HP: 32/32 MP: 7/7
  2043 | D:2      | Found a burning altar of Makhleb.
  2043 | D:2      | Found an opulent altar of Gozag.
  2153 | D:1      | Reached skill level 2 in Short Blades
  2707 | D:1      | HP: 3/32 [orc priest/+0 club (3)]
  2710 | D:1      | Reached skill level 3 in Dodging
  2902 | D:1      | Reached XP level 5. HP: 36/37 MP: 1/8
  2982 | D:2      | Noticed Terence
  3014 | D:2      | Killed Terence
  3864 | D:3      | Reached XP level 6. HP: 44/44 MP: 10/10
  4160 | D:4      | Reached skill level 2 in Fighting
  4160 | D:4      | Reached skill level 6 in Stealth
  4160 | D:4      | Reached skill level 3 in Spellcasting
  4380 | D:4      | Reached skill level 3 in Short Blades
  4380 | D:4      | Reached skill level 6 in Hexes
  4607 | D:4      | Reached XP level 7. HP: 51/51 MP: 11/11
  4614 | D:4      | Found a stormy altar of Qazlal.
  4653 | D:4      | You fall into a shaft and drop 2 floors!
  4739 | D:5      | Entered Level 5 of the Dungeon
  4852 | D:5      | Reached skill level 4 in Dodging
  5337 | D:5      | Found a transporter.
  5341 | D:5      | Found a transporter.
  5342 | D:5      | Noticed unihiutale's ghost (novice HuWn)
  5761 | D:5      | Reached skill level 7 in Stealth
  6223 | D:6      | Reached skill level 3 in Fighting
  6223 | D:6      | Reached skill level 4 in Short Blades
  6344 | D:6      | Found a staircase to the Ecumenical Temple.
  6367 | Temple   | Entered the Ecumenical Temple
  6432 | Temple   | Became a worshipper of Dithmenos the Shadowed
  6738 | D:7      | Reached skill level 7 in Hexes
  6738 | D:7      | Reached XP level 8. HP: 58/58 MP: 13/13
  7216 | D:6      | Reached skill level 4 in Spellcasting
  7369 | D:7      | Reached * piety under Dithmenos
  7505 | D:7      | Reached skill level 5 in Dodging
  7523 | D:7      | Reached skill level 8 in Stealth
  8168 | D:7      | Reached skill level 5 in Short Blades
  8332 | D:7      | Reached skill level 4 in Fighting
  8332 | D:7      | Reached skill level 8 in Hexes
  8463 | D:7      | Reached XP level 9. HP: 49/52 MP: 12/16
  9072 | D:7      | Reached skill level 9 in Stealth
  9244 | D:7      | Reached skill level 6 in Dodging
  9350 | D:8      | Reached ** piety under Dithmenos
  9381 | D:8      | Reached skill level 5 in Spellcasting
  9401 | D:8      | Found Epnoq's Armour Shop.
  9465 | D:8      | Bought a +2 hat of willpower for 252 gold pieces
  9477 | D:8      | Found Hakelobu's Distillery.
  9520 | D:8      | Reached skill level 6 in Short Blades
  9583 | D:8      | Reached skill level 9 in Hexes
  9627 | D:8      | Reached skill level 5 in Fighting
  9712 | D:8      | Found Affaujog's Antique Weapon Emporium.
  9805 | D:8      | Noticed Gastronok
 10068 | D:8      | Noticed Erica
 10084 | D:8      | Killed Erica
 10085 | D:8      | Reached skill level 10 in Stealth
 10085 | D:8      | Reached XP level 10. HP: 59/59 MP: 18/18
 10305 | D:8      | Found a shimmering altar of Xom.
 10308 | D:8      | Found an ancient bone altar of Kikubaaqudgha.
 10314 | D:8      | Found a hide-covered altar of Uskayaw.
 10327 | D:8      | Found a white marble altar of Elyvilon.
 10335 | D:8      | Found a broken altar of Ashenzari.
 10488 | D:8      | Reached skill level 7 in Dodging
 10621 | D:8      | Found Okhli's Book Shoppe.
 10863 | D:9      | You fall into a shaft and drop 3 floors!
 10889 | D:11     | Noticed a deep elf mage
 10891 | D:11     | Killed a deep elf mage
 10916 | D:11     | Noticed a boulder beetle
 10922 | D:11     | Killed a boulder beetle
 10923 | D:11     | Reached skill level 7 in Short Blades
 10923 | D:11     | Reached skill level 6 in Spellcasting
 10923 | D:11     | Reached skill level 10 in Hexes
 10973 | D:11     | Noticed a manticore
 11020 | D:10     | Entered Level 10 of the Dungeon
 11104 | D:10     | Noticed an unseen horror
 11111 | D:10     | Killed an unseen horror
 11112 | D:10     | Reached skill level 11 in Stealth
 11121 | D:10     | Reached *** piety under Dithmenos
 11133 | D:10     | Reached skill level 6 in Fighting
 11199 | D:10     | Found a flagged portal.
 11212 | Bailey   | Entered a bailey
 11681 | Bailey   | Reached **** piety under Dithmenos
 11750 | Bailey   | Identified a scroll of acquirement
 11750 | Bailey   | Acquired the ring of Rationality {Will- Slay+5 Stlth+}
 12006 | Bailey   | Reached XP level 11. HP: 59/64 MP: 20/20
 12087 | Bailey   | Reached skill level 8 in Dodging
 12266 | Bailey   | Noticed an orc warlord
 12309 | Bailey   | Learned a level 3 spell: Tukima's Dance
 12313 | Bailey   | Learned a level 3 spell: Dazzling Flash
 12341 | Bailey   | Killed an orc warlord
 12342 | Bailey   | Reached skill level 8 in Short Blades
 12342 | Bailey   | Reached skill level 11 in Hexes
 12391 | D:10     | Noticed a white ugly thing
 12585 | D:9      | Reached skill level 7 in Spellcasting
 12617 | D:9      | Reached ***** piety under Dithmenos
 12618 | D:9      | Reached skill level 12 in Stealth
 12679 | D:9      | Found a staircase to the Lair.
 13856 | D:10     | Learned a level 4 spell: Fulminant Prism
 13889 | D:10     | Reached skill level 7 in Fighting
 13993 | D:10     | Killed a white ugly thing
 13994 | D:10     | Reached skill level 9 in Dodging
 14262 | D:11     | Noticed a brown ugly thing
 14281 | D:11     | Killed a brown ugly thing
 14400 | D:11     | Found a staircase to the Orcish Mines.
 14553 | D:11     | Reached skill level 12 in Hexes
 14617 | D:11     | Reached skill level 9 in Short Blades
 14617 | D:11     | Reached XP level 12. HP: 72/72 MP: 23/23
 14722 | D:11     | Reached skill level 13 in Stealth
 15199 | D:11     | Noticed a two-headed ogre
 15205 | D:11     | Killed a two-headed ogre
 15407 | Lair:1   | Entered Level 1 of the Lair of Beasts
 15450 | D:9      | Reached skill level 8 in Spellcasting
 15870 | Lair:1   | Found a transporter.
 16256 | Lair:1   | Noticed a six-headed hydra
 16262 | Lair:1   | Killed a six-headed hydra
 16276 | Lair:1   | You fall into a shaft and drop 1 floor!
 16290 | Lair:2   | Found a gate leading to a gauntlet.
 16311 | Gauntlet | Entered a Gauntlet
 16311 | Gauntlet | Found a transporter.
 16314 | Gauntlet | Found a transporter.
 16316 | Gauntlet | Found a transporter.
 16320 | Gauntlet | Found a runed translucent door.
 16320 | Gauntlet | Found a runed translucent door.
 16332 | Gauntlet | Found a transporter.
 16334 | Gauntlet | Found a transporter.
 16351 | Gauntlet | Found a transporter.
 16360 | Gauntlet | Found a transporter.
 16360 | Gauntlet | Noticed a death ooze
 16364 | Gauntlet | Found a transporter.
 16384 | Gauntlet | Found a transporter.
 16392 | Gauntlet | Found a transporter.
 16431 | Gauntlet | Found a transporter.
 16433 | Gauntlet | Found a transporter.
 16463 | Gauntlet | Found a transporter.
 16469 | Gauntlet | Found a transporter.
 16471 | Gauntlet | Noticed a queen ant
 16482 | Gauntlet | Found a runed translucent door.
 16638 | Gauntlet | Got a pair of scorched boots
 16649 | Gauntlet | Identified the +4 pair of boots of Tomorrow {-Tele rN+ MP+9
                  | Dex+7} (You found it in a Gauntlet)
 16757 | Gauntlet | Got a transparent diamond amulet
 17056 | Gauntlet | Identified the amulet "Wiekom" {Faith rPois Int+2} (You
                  | found it in a Gauntlet)
 17105 | Gauntlet | Noticed a minotaur
 17109 | Gauntlet | HP: 2/73 [minotaur/+5 quarterstaff (10)]
 17112 | Gauntlet | Killed a minotaur
 17113 | Gauntlet | Reached skill level 8 in Fighting
 17363 | Gauntlet | Quit the game

Vanquished Creatures
  An orc warlord (Bailey)
  A minotaur (Gauntlet)
  A boulder beetle (D:11)
  Erica (D:8)
  A hydra (Lair:1)
  A two-headed ogre (D:11)
  An unseen horror (D:10)
  A deep elf mage (D:11)
  2 cyclopes (D:11)
  3 ugly things
  A worldbinder (Gauntlet)
  A manticore (D:11)
  A black mamba (Lair:1)
  A gargoyle (D:9)
  3 cane toads (Lair:1)
  2 kobold demonologists (D:10)
  2 komodo dragons
  3 trolls (D:11)
  A queen bee (Gauntlet)
  A polar bear (D:10)
  2 raiju (Gauntlet)
  A hornet (D:8)
  11 yaks
  A basilisk (Lair:1)
  3 wargs (D:9)
  5 water moccasins
  3 sky beasts
  24 orc warriors
  5 ice beasts
  4 ogres
  2 necrophages
  An eye of draining (D:8)
  5 phantoms
  2 wolves (D:10)
  A boggart (Gauntlet)
  5 centaurs
  4 big kobolds
  6 bullfrogs
  A water moccasin skeleton (D:8)
  2 scorpions
  13 killer bees
  8 wights
  2 howler monkeys (D:8)
  An electric eel (D:10)
  A bullfrog zombie (D:7)
  5 jellies
  A quasit (D:11)
  A bullfrog skeleton (D:10)
  11 orc priests
  7 hounds
  2 centaur skeletons (D:8)
  Terence (D:2)
  2 iguanas
  10 orc wizards
  8 worker ants
  A bullfrog simulacrum (D:10)
  2 hound skeletons (D:10)
  A howler monkey zombie (D:7)
  11 gnolls (Bailey)
  10 adders
  2 white imps
  4 ufetubi
  2 oozes
  An adder zombie (D:8)
  An adder skeleton (D:7)
  2 worms
  A dart slug (D:3)
  11 leopard geckos
  50 orcs
  2 ball pythons
  4 bats
  A giant cockroach (D:3)
  22 goblins
  21 hobgoblins
  10 jackals
  3 quokkas
  2 frilled lizards
  26 kobolds
  A leopard gecko zombie (D:7)
  A quokka skeleton (D:4)
  12 rats
  2 butterflies (Lair:1)
396 creatures vanquished.

Vanquished Creatures (others)
  3 fungi (Lair:1)
  18 plants
21 creatures vanquished.

Grand Total: 417 creatures vanquished

Table legend: (Time is in decaauts)
 A = Elapsed time spent in this place.
 B = Non-inter-level travel time spent in this place.
 C = Inter-level travel time spent in this place.
 D = Time resting spent in this place.
 E = Time spent auto-exploring this place.
 F = Levels seen in this place.
 G = Mean time per level.
                   A        B        C        D        E       F      G
               +--------+--------+--------+--------+--------+-----+--------+
         Total |  17090 |   9642 |   7448 |   4949 |      0 |  17 | 1005.3 |
       Dungeon |  14305 |   7293 |   7012 |   3799 |      0 |  12 | 1192.1 |
        Temple |     74 |      2 |     72 |      0 |      0 |   1 |   74.0 |
          Lair |    567 |    203 |    364 |     61 |      0 |   2 |  283.5 |
        Bailey |   1107 |   1107 |      0 |    459 |      0 |   1 | 1107.0 |
      Gauntlet |   1035 |   1035 |      0 |    629 |      0 |   1 | 1035.0 |
               +--------+--------+--------+--------+--------+-----+--------+

Top non-repeatable levels by time:
     D:1: 2041 daAuts
     D:6: 1795 daAuts
     D:7: 1632 daAuts
     D:8: 1502 daAuts
     D:9: 1336 daAuts
     D:2: 1224 daAuts
    D:11: 1213 daAuts
  Bailey: 1107 daAuts
    D:10: 1044 daAuts
Gauntlet: 1035 daAuts
     D:4: 971 daAuts
     D:5: 902 daAuts
     D:3: 619 daAuts
  Lair:1: 532 daAuts
  Temple: 74 daAuts

Table legend:
 A = Non-vault XP
 B = Vault XP
 C = Vault XP percentage of total XP
 D = Non-vault monster count
 E = Vault monster count
 F = Vault count percentage of total count
                 A         B        C        D         E       F
            +---------+---------+-------+---------+---------+-------
      Total |   21767 |   11146 |  33.9 |     273 |     121 |  30.7
            +---------+---------+-------+---------+---------+-------
        D:1 |      57 |     104 |  64.6 |      29 |      11 |  27.5
        D:2 |      41 |      48 |  53.9 |      12 |       5 |  29.4
        D:3 |     134 |       0 |   0.0 |      25 |       0 |   0.0
        D:4 |     382 |       0 |   0.0 |       9 |       0 |   0.0
        D:5 |     360 |       0 |   0.0 |       6 |       0 |   0.0
        D:6 |     715 |       0 |   0.0 |      20 |       0 |   0.0
        D:7 |    1562 |       0 |   0.0 |      43 |       0 |   0.0
        D:8 |    1770 |     934 |  34.5 |      28 |       1 |   3.4
        D:9 |    2069 |     987 |  32.3 |      20 |      11 |  35.5
       D:10 |    4612 |     925 |  16.7 |      45 |       8 |  15.1
       D:11 |    6950 |     627 |   8.3 |      24 |       6 |  20.0
       D:12 |     128 |       0 |   0.0 |       1 |       0 |   0.0
     Lair:1 |    2987 |     826 |  21.7 |      11 |       2 |  15.4
     Bailey |       0 |    3758 | 100.0 |       0 |      68 | 100.0
   Gauntlet |       0 |    2937 | 100.0 |       0 |       9 | 100.0
            +---------+---------+-------+---------+---------+-------
